 Dungeon Crawl Stone Soup version 0.28.0-53-g5a82cb258f (webtiles) character file.

Game seed: 7854866835503377728

174 LustLizard the Stinger (level 5, -3/30 HPs)
             Began as a Gargoyle Venom Mage on July 11, 2022.
             Killed by divine providence
             ... invoked by an orc priest
              (9 damage)
             ... on level 3 of the Dungeon.
             The game lasted 00:08:32 (3156 turns).

LustLizard the Stinger (Gargoyle Venom Mage)        Turns: 3156, Time: 00:08:34

Health: -3/30      AC:  7    Str: 11    XL:     5   Next: 54%
Magic:  3/8        EV: 11    Int: 18    God:
Gold:   68         SH:  0    Dex: 10    Spells: 4/8 levels left

rFire   . . .      SeeInvis .   q - +2 whip (pain)
rCold   . . .      Faith    .   (no shield)
rNeg    + . .      Spirit   .   g - +0 leather armour
rPois   ∞          Reflect  .   (no helmet)
rElec   +          Harm     .   (no cloak)
rCorr   .          Rampage  .   (no gloves)
Will    .....                   (no boots)
Stlth   ++........              (no amulet)
HPRegen 0.10/turn               (no ring)
MPRegen 0.11/turn               (no ring)

@: no status effects
A: sickness immunity, AC +4, negative energy resistance 1, electricity
resistance, torment resistance 1, petrification resistance
a: no special abilities


You were on level 3 of the Dungeon.
You visited 1 branch of the dungeon, and saw 3 of its levels.

You collected 68 gold pieces.

Inventory:

Hand Weapons
 b - a +0 short sword
 f - a +0 hand axe
 q - a +2 whip of pain (weapon)
Missiles
 e - 3 curare-tipped darts
Armour
 a - a +0 robe
 g - a +0 leather armour (worn)
Jewellery
 l - a +4 ring of protection
 u - an amulet of faith
Scrolls
 c - a scroll of holy word {unknown}
 h - 2 scrolls of enchant armour {unknown}
 k - a scroll of identify {unknown}
 p - a scroll of amnesia {unknown}
 r - 2 scrolls of teleportation {unknown}
 s - a scroll of magic mapping {unknown}
 t - a scroll of fog {unknown}
Potions
 d - a potion of mutation {unknown}
 i - a potion of lignification {unknown}
 j - 2 potions of heal wounds {unknown}
 m - a potion of might {unknown}
 n - a potion of attraction {unknown}
 o - a potion of ambrosia {unknown}
 v - a potion of curing {unknown}


   Skills:
 + Level 1.8 Fighting
 * Level 0.7 Maces & Flails
 - Level 1.5 Dodging
 - Level 3.1 Stealth
 - Level 2.4 Spellcasting
 * Level 0.9 Conjurations
 * Level 2.2 Transmutations
 * Level 0.2 Air Magic
 * Level 3.9 Poison Magic


You had 4 spell levels left.
You knew the following spells:

 Your Spells              Type           Power      Damage    Failure   Level
a - Sting                 Tmut/Pois      52%        1d5       6%          1
b - Mephitic Cloud        Conj/Pois/Air  8%         N/A       34%         3

Your spell library contained the following spells:

 Spells                   Type           Power      Damage    Failure   Level
 Poisonous Vapours        Pois/Air       18%        N/A       14%         2
 Ignite Poison            Fire/Tmut/Pois 9%         N/A       30%         3
 Olgreb's Toxic Radiance  Pois           16%        N/A       41%         4
 Conjure Flame            Conj/Fire      3%         6-21      50%         3
 Gell's Gravitas          Tloc           2%         N/A       56%         3
 Teleport Other           Tloc           2%         N/A       56%         3
 Sticky Flame             Conj/Fire      3%         2d3       88%         4
 Dispersal                Tloc           1%         N/A       100%        6


Dungeon Overview and Level Annotations

Branches:
Dungeon (3/15)

Altars:


Innate Abilities, Weirdness & Mutations

You are immune to sickness and miasma.
Your stone body is resilient. (AC +4)
You are immune to poison.
You resist negative energy. (rN+)
You are resistant to electric shocks. (rElec)
You are resistant to unholy torment.
You are immune to petrification.


Message History

a +0 dagger; a +0 robe; an orc corpse You closely miss the orc.
The orc hits you but does no damage.
You hit the orc but do no damage. You punch the orc, but do no damage.
The orc hits you with a +0 club.
* * * LOW HITPOINT WARNING * * *
You barely miss the orc. The orc hits you with a +0 club.
* * * LOW HITPOINT WARNING * * *
You hit the orc.
The orc is moderately wounded.
The orc priest calls upon Beogh to heal the orc.
The orc's wounds heal themselves!
The orc barely misses you.
Casting: Sting (safe; 6% risk of failure)
Confirm with . or Enter, or press ? or * to list all spells.
Aiming: Sting (safe; 6% risk of failure)
Press: ? - help, Shift-Dir - straight line, f - orc
Aim: an orc, wielding a +0 club and wearing a +0 leather armour (71% to hit)
The sting hits the orc.
The orc is poisoned.
The orc is lightly wounded.
The orc barely misses you.
Unknown command.
Casting: Sting (safe; 6% risk of failure)
Confirm with . or Enter, or press ? or * to list all spells.
Aiming: Sting (safe; 6% risk of failure)
Press: ? - help, Shift-Dir - straight line, f/p - orc
Aim: an orc, wielding a +0 club and wearing a +0 leather armour (moderately wounded, poisoned, 71% to hit)
The sting hits the orc.
The orc looks even sicker.
The orc is almost dead.
You kill the orc!
Unknown command.
Unknown command.
Casting: Sting (safe; 6% risk of failure)
Confirm with . or Enter, or press ? or * to list all spells.
Aiming: Sting (safe; 6% risk of failure)
Press: ? - help, Shift-Dir - straight line, f - orc priest
Aim: an orc priest, wielding a +0 short sword and wearing a +0 ring mail (75% to hit)
The sting hits the orc priest.
The orc priest is poisoned.
The orc priest is lightly wounded.
The orc priest invokes the aid of Beogh against you.
Beogh smites you!
You die...

#.#.### #........
##.#.# #...>....
##.###....# #........
........#######........
...####...##....#######
. ###....#### #
#....).#### #
#######.###....### #
#Bo@....# ####...##
#g####### ###..# #.
##.## .. #... ... ####
.... # o...g ....B.


You could see an orc priest (poisoned), a giant cockroach and a goblin.

Vanquished Creatures
  7 gnolls (D:2)
  An adder (D:2)
  2 worms (D:2)
  A dart slug (D:2)
  An orc (D:3)
  6 bats
  6 endoplasms
  4 giant cockroaches
  2 goblins
  4 hobgoblins (D:2)
  4 jackals (D:1)
  2 quokkas
  11 ball pythons
  7 frilled lizards
  4 kobolds
  6 rats
68 creatures vanquished.

Vanquished Creatures (others)
  An orc wizard (D:3)
1 creature vanquished.

Grand Total: 69 creatures vanquished

Notes
Turn   | Place    | Note
-------+----------+-------------------------------------------
     0 | D:1      | LustLizard the Gargoyle Venom Mage began the quest for the
                  | Orb.
     0 | D:1      | Reached XP level 1. HP: 10/10 MP: 3/3
    54 | D:1      | Reached skill level 1 in Transmutations
   131 | D:1      | Reached XP level 2. HP: 14/16 MP: 1/5
   450 | D:1      | Found a faded altar of an unknown god.
   611 | D:1      | Reached XP level 3. HP: 20/20 MP: 6/6
  1208 | D:2      | Reached skill level 1 in Fighting
  1265 | D:2      | Learned a level 3 spell: Mephitic Cloud
  1414 | D:2      | Reached XP level 4. HP: 25/25 MP: 1/7
  1720 | D:2      | Identified the +1 robe of the Spider Nest {Harm rCorr}
  2139 | D:2      | Reached XP level 5. HP: 21/30 MP: 5/8
  3156 | D:3      | Killed from afar by an orc priest

Illustrated notes

Levels and vault maps discovered:
D:1:      matt_arrival_grand_opening, layout_rooms, basic_ecumenical_altar
D:2:      minmay_razor_zed, layout_loops_ring
D:3:      layout_rooms

Skill      XL: |  1  2  3  4 |
---------------+-------------+-----
Transmutations | 1 2 |  2.2
Fighting       | 1 |  1.8
Stealth        | 3 |  3.1
Maces & Flails | |  0.7
Dodging        | |  1.5
Spellcasting   | |  2.4
Conjurations   | |  0.9
Air Magic      | |  0.2
Poison Magic   | |  3.9

Action                   |  1- 3 |  4- 6 || total
-------------------------+-------+-------++-------
Melee: Short sword       |    34 |       ||    34
       Hand axe          |    33 |    21 ||    54
       Whip              |       |    26 ||    26
       Punch             |       |     2 ||     2
 Cast: Sting             |    46 |    61 ||   107
 Stab: Sleeping          |     1 |     1 ||     2
Armor: Robe              |    13 |       ||    13
       Leather armour    |    25 |    17 ||    42
Dodge: Dodged            |    51 |    28 ||    79
